Map: Vaani Research Station (Void)

Players

HeroMarine

  • Race: Terran Terran
  • Spawn Location: 6:00

liquidthermy (uThermal) - Winner!

  • Race: Terran Terran
  • League: Grandmaster
  • Spawn Location: 12:00

Event: NationWars IV

VOD

Have the link to the VOD?

Description

Time

  • Played on: Jan. 2, 2017, 4:11 p.m.
  • Length: 3:13
Show
View Real Time Build Order
Export as new Build Order

HeroMarine Terran 

Build Orders:  

Get SALT Encoding   

  12  0:00  SCV  
  13  0:13  SCV  
  14  0:18  Supply Depot  
  14  0:25  SCV  
  15  0:29  Refinery  
  15  0:40  SCV  
  16  0:45  Barracks  
  16  0:52  SCV  
  16  0:56  Refinery  
  17  1:04  SCV  
  18  1:16  SCV  
  19  1:32  Orbital Command  
  19  1:33  Factory  
  19  1:36  Reaper  
  20  1:45  Supply Depot  
  20  1:57  SCV  
  20  2:08  Reaper  
  20  2:09  SCV  
  22  2:19  Hellion  
  22  2:21  SCV  
  22  2:34  SCV  
  21  2:40  Hellion, Reaper  
  23  2:46  SCV  
  24  2:58  SCV  
Show
View Real Time Build Order
Export as new Build Order

liquidthermy Terran - Winner!

Build Orders:  

Get SALT Encoding   

  12  0:09  Supply Depot  
  12  0:14  SCV  
  13  0:35  Barracks  
  13  0:40  Refinery  
  13  0:54  Barracks  
  13  1:00  SCV  
  14  1:24  Reaper  
  14  1:25  Barracks  
  15  1:32  Refinery  
  15  1:42  Reaper  
  16  1:58  Reaper  
  17  2:07  Bunker  
  17  2:14  Reaper  
  17  2:17  Reaper  
  18  2:30  Reaper  
Tags
 
Add a new tag
Caveats
  • Supply blocks, unpowered buildings, or Contaminate may cause inaccurate times.
  • Supply counts are checked every 10 seconds.